 Dungeon Crawl Stone Soup version 0.29.0-13-gc9e81de378 (webtiles) character file.

Game seed: 17052849269065308617

94 Ofeo the Digger (level 5, -5/38 HPs)
             Began as a Meteoran Earth Elementalist on Sept 8, 2022.
             Killed by nerve-wracking pain
             ... invoked by Grinder
              (10 damage)
             ... on level 4 of the Dungeon.
             The game lasted 00:04:33 (541 turns).

Ofeo the Digger (Meteoran Earth Elementalist)        Turns: 541, Time: 00:04:33

Health: -5/38      AC:  2    Str:  9    XL:     5   Next: 17%
Magic:  5/11       EV: 13    Int: 24    God:
Gold:   61         SH:  0    Dex: 15    Spells: 5/11 levels left

rFire   . . .      SeeInvis +   g - +1 spear (venom)
rCold   . . .      Faith    .   (no shield)
rNeg    . . .      Spirit   .   a - +0 robe
rPois   .          Reflect  .   (no helmet)
rElec   .          Harm     .   (no cloak)
rCorr   .          Rampage  .   (no gloves)
Will    .....                   (no boots)
Stlth   +.........              (no amulet)
HPRegen 0.12/turn               k - +6 ring of intelligence
MPRegen 0.12/turn               c - ring of see invisible

@: about to teleport, glowing
A: sense surroundings 1, otherworldly, glowing, explore regen
a: no special abilities


You were on level 4 of the Dungeon.
You visited 1 branch of the dungeon, and saw 4 of its levels.

You collected 61 gold pieces.

Inventory:

Hand Weapons
 g - a +1 spear of venom (weapon)
Armour
 a - a +0 robe (worn)
Jewellery
 c - a ring of see invisible (right hand)
 k - a +6 ring of intelligence (left hand)
Scrolls
 j - a scroll of enchant armour {unknown}
 l - a scroll of vulnerability {unknown}
 m - a scroll of noise {unknown}
 n - a scroll of identify {unknown}
 o - a scroll of blinking {unknown}
Potions
 b - a potion of magic
 f - a potion of flight


   Skills:
 + Level 3.2 Dodging
 + Level 2.1 Stealth
 + Level 3.5 Spellcasting
 + Level 2.5 Transmutations
 + Level 4.3 Earth Magic


You had 5 spell levels left.
You knew the following spells:

 Your Spells              Type           Power      Damage    Failure   Level
a - Sandblast             Erth           48%        2d12      1%          1
b - Passwall              Tmut/Erth      16%        N/A       3%          2
c - Stone Arrow           Conj/Erth      28%        3d8       13%         3

Your spell library contained the following spells:

 Spells                   Type           Power      Damage    Failure   Level
 Petrify                  Tmut/Erth      20%        N/A       26%         4


Dungeon Overview and Level Annotations

Branches:
Dungeon (4/15) Zot: 1850
 Temple: D:4-7

Altars:
Fedhas
Makhleb

Annotations:
D:3 Arctor's ghost, weakling DrTm; Jessica
D:4 Grinder


Innate Abilities, Weirdness & Mutations

You passively map a small area around you.
You are easily found by Zot.
You glow in the dark.
You regain HP and MP as you explore.


Message History

Confirm with . or Enter, or press ? or * to list all spells.
Aiming: Sandblast (safe; 1% risk of failure)
Press: ? - help, Shift-Dir - straight line, f/p - Grinder
Aim: Grinder, carrying a wand of roots (6) (lightly wounded, 81% to hit)
The blast of sand hits Grinder but does no damage.
Grinder is lightly wounded.
Grinder zaps a wand.
The roots erupt in riotous growth!
The grasping roots grab you! The grasping roots constrict you.
Grinder blinks!
The roots lose their grip on you.
You take 6 damage, and have 25/38 hp.
You now have 5/11 mp.
Casting: Sandblast (safe; 1% risk of failure)
Confirm with . or Enter, or press ? or * to list all spells.
You can't see any susceptible monsters within range! (Use Z to cast anyway.) Unknown command.
You aren't carrying any items that you can evoke.
Unknown command.
Grinder gestures at you. Pain shoots through your body!
You take 11 damage, and have 14/38 hp.
MASSIVE DAMAGE!!
Grinder says, "Don't move a muscle."
Casting: Sandblast (safe; 1% risk of failure)
Confirm with . or Enter, or press ? or * to list all spells.
Aiming: Sandblast (safe; 1% risk of failure)
Press: ? - help, Shift-Dir - straight line, f/p - Grinder
Aim: Grinder, carrying a wand of roots (5) (lightly wounded, 81% to hit)
The blast of sand hits Grinder.
Grinder is lightly wounded.
Grinder gestures at you. Pain shoots through your body!
* * * LOW HITPOINT WARNING * * *
You take 11 damage, and have 5/38 hp.
MASSIVE DAMAGE!!
You now have 5/11 mp.
As you read the scroll labelled SELIBE TACSA, it crumbles to dust.
You feel strangely unstable.
It was a scroll of teleportation.
Grinder gestures at you. Pain shoots through your body!
You die...

.<# ##...######.#
######*, ###
#..#........# #....# ,
#...>######## #.#### ,
#.#.## #.# * #.#.#
###.#### , #.#.#
#......# ** *, #.#.##
#.#.####* ,
#....###########.#.# *
######..........@.##.#.#
* ,
.......<.########.##.#.#
#######..# #..5...# #..#
########.## , #..#
#).......# #..#
#.######5# #..#####.###
#.# #..........# #.# *
##.#####.#.# #.#


You could see Grinder.

Vanquished Creatures
  Robin (D:4)
  5 adders
  4 ball pythons
  2 endoplasms
  6 goblins
  10 hobgoblins
  2 quokkas
  4 kobolds
  3 rats
37 creatures vanquished.

Vanquished Creatures (others)
  11 fungi (D:4)
  3 plants (D:3)
14 creatures vanquished.

Grand Total: 51 creatures vanquished

Notes
Turn   | Place    | Note
-------+----------+-------------------------------------------
     0 | D:1      | Ofeo the Meteoran Earth Elementalist began the quest for
                  | the Orb.
     0 | D:1      | Reached XP level 1. HP: 14/14 MP: 5/5
    53 | D:2      | Reached XP level 2. HP: 20/20 MP: 4/6
   134 | D:3      | Noticed Arctor's ghost (weakling DrTm)
   144 | D:3      | Noticed Jessica
   163 | D:3      | Found a faded altar of an unknown god.
   167 | D:3      | Found a burning altar of Makhleb.
   248 | D:3      | Reached XP level 3. HP: 12/26 MP: 4/8
   281 | D:3      | Reached skill level 4 in Earth Magic
   314 | D:2      | Reached XP level 4. HP: 30/33 MP: 3/9
   371 | D:4      | Found a blossoming altar of Fedhas.
   418 | D:4      | Noticed Robin
   423 | D:4      | Killed Robin
   424 | D:4      | Reached XP level 5. HP: 37/38 MP: 6/11
   435 | D:4      | Noticed Grinder
   443 | D:4      | Paralysed by Grinder for 2 turns
   523 | D:4      | Learned a level 2 spell: Passwall
   527 | D:4      | Learned a level 3 spell: Stone Arrow
   541 | D:4      | Killed from afar by Grinder

Illustrated notes

Levels and vault maps discovered:
D:1:      wander_arrival_estate, layout_loops_ring, serial_shops,
          shop_fountains, shapermc_ecumenical_altar_petra
D:2:      layout_rooms, basic_altar, uniq_crazy_yiuf_cottage, uniq_sigmund
D:3:      layout_loops_ring, nicolae_overflow_ecumenical_swirl,
          gammafunk_ghost_gnarly_gnolls, cheibrodos_sewer_entry_bend,
          chequers_serial_rivers_micro_c, minmay_misc_feat_encased,
          dreamdust_wishing_well, grunt_decor_fettered, uniq_jessica
D:4:      old_forge, layout_loops_ring, fedhas_altar_3, uniq_grinder, uniq_ijyb,
          uniq_robin

Skill      XL: |  1  2  3  4 |
---------------+-------------+-----
Spellcasting   | 3 |  3.5
Transmutations | 2 |  2.5
Earth Magic    | 4 |  4.3
Dodging        | 3 |  3.2
Stealth        | 2 |  2.1

Action                   |  1- 3 |  4- 6 || total
-------------------------+-------+-------++-------
Melee: Spear             |     1 |     6 ||     7
 Cast: Sandblast         |    31 |    20 ||    51
       Stone Arrow       |       |     1 ||     1
  Use: Potion            |       |     4 ||     4
       Scroll            |       |     1 ||     1
Armor: Robe              |     3 |       ||     3
Dodge: Dodged            |    12 |     4 ||    16
